[Event "Titled Tuesday Blitz November 01 Late 2022"]
[White "Lazavik, Denis"]
[Black "Darini, Pouria"]
[WhiteFideId "13515110"]
[BlackFideId "12502200"]
[WhiteElo "2437"]
[BlackElo "2483"]
[Result "1-0"]
[Round "02"]
[TimeControl "180+1"]
[Date "2022.11.01"]
[WhiteClock "0:00:23"]
[BlackClock "0:00:07"]

1. d4 Nf6 2. c4 e6 3. Nf3 d5 4. Nc3 Bb4 5. Bg5 h6 6. Bxf6 Qxf6 7. e3 O-O 8. Rc1 c5 9. cxd5 exd5 10. Be2 Be6 11. dxc5 Bxc5 12. O-O Rd8 13. Nd4 Bxd4 14. Qxd4 Qxd4 15. exd4 Nc6 16. Rfd1 Rac8 17. f3 Kf8 18. Kf2 Ne7 19. a3 Nf5 20. g4 Nd6 21. h4 f5 22. g5 f4 23. Bd3 Bf5 24. Bf1 hxg5 25. hxg5 Nf7 26. Ne2 Nxg5 27. Nxf4 Ne6 28. Ne2 Ke7 29. Nc3 Nf4 30. Ke3 g5 31. Bb5 Kf6 32. Rh1 Rh8 33. Rcd1 a6 34. Ba4 b5 35. Bb3 Rce8+ 36. Kd2 Rd8 37. Rde1 Be6 38. Na2 a5 39. Bc2 Rb8 40. Nc1 b4 41. a4 Rxh1 42. Rxh1 Kg7 43. Nb3 Ra8 44. Nc5 Bf7 45. Bf5 Kf6 46. Bg4 Bg6 47. Nd7+ Ke7 48. Ne5 Kf6 49. Rc1 Bf7 50. Rc6+ Kg7 51. Rc7 Rf8 52. Ra7 Kg8 53. Rxa5 Be6 54. Bxe6+ Nxe6 55. Rxd5 Nf4 56. Rd6 Ra8 57. b3 Rc8 58. a5 Rc3 59. a6 Rc7 60. Rd8+ Kg7 61. Rd7+ Rxd7 62. Nxd7 Ne6 63. a7 Nxd4 64. a8=Q 1-0


[Site "https://www.chess.com"]

[Event "Titled Tuesday Blitz November 01 Late 2022"]
[White "Leenhouts, Koen"]
[Black "Mickiewicz, Piotr"]
[WhiteFideId "1008439"]
[BlackFideId "1114891"]
[WhiteElo "2409"]
[BlackElo "2246"]
[Result "0-1"]
[Round "02"]
[TimeControl "180+1"]
[Date "2022.11.02"]
[WhiteClock "0:00:01"]
[BlackClock "0:00:25"]

1. e4 c5 2. Nf3 e6 3. d4 cxd4 4. Nxd4 Nc6 5. Nc3 a6 6. Be3 Nf6 7. a3 d5 8. exd5 exd5 9. Bd3 Bd6 10. O-O O-O 11. Nxc6 bxc6 12. Bd4 c5 13. Bxf6 Qxf6 14. Nxd5 Qxb2 15. Re1 Be6 16. Rb1 Qd4 17. Ne3 g6 18. Bf1 Be5 19. Qxd4 Bxd4 20. Nc4 Rab8 21. Bd3 Bc3 22. Red1 a5 23. Kf1 Kg7 24. Rb3 Rxb3 25. cxb3 Rb8 26. Bc2 a4 27. Ne3 axb3 28. Bb1 Bb2 29. a4 c4 30. Rd6 c3 31. Rc6 c2 32. Nxc2 bxc2 33. Bxc2 Rc8 34. Rxc8 Bxc8 35. Ke2 Bd4 36. f3 Bb6 37. Bd3 Kf6 38. Bb5 Ke5 39. Kd3 Be6 40. g3 g5 41. Ke2 Kd4 42. Bd3 h5 43. Bb5 h4 44. f4 Bg4+ 45. Kf2 Ke4+ 46. Kg2 h3+ 47. Kf1 gxf4 48. gxf4 Kxf4 49. Bc4 f6 50. Be2 Bf3 51. Bxf3 Kxf3 52. a5 Ba7 53. a6 f5 54. Ke1 Kg2 0-1


[Site "https://www.chess.com"]

[Event "Titled Tuesday Blitz November 01 Late 2022"]
[White "Lehtosaari, Mauri"]
[Black "Wessendorf, Thomas, Dr."]
[WhiteFideId "501999"]
[BlackFideId "4604270"]
[WhiteElo "2503"]
[BlackElo "2280"]
[Result "1-0"]
[Round "02"]
[TimeControl "180+1"]
[Date "2022.11.02"]
[WhiteClock "0:00:54"]
[BlackClock "0:00:01"]

1. d4 Nf6 2. Nf3 e6 3. Bg5 c5 4. e3 Be7 5. Nbd2 b6 6. Bd3 Ba6 7. Bxa6 Nxa6 8. c3 O-O 9. O-O h6 10. Bh4 d5 11. Ne5 Qc7 12. f4 Rac8 13. g4 Ne4 14. Nxe4 Bxh4 15. Nd2 Bf6 16. Ndf3 g6 17. Qd3 c4 18. Qc2 Bg7 19. h4 b5 20. h5 gxh5 21. gxh5 f5 22. Rf2 Kh7 23. Rg2 Bf6 24. Rf1 Rg8 25. Rg6 Rxg6+ 26. hxg6+ Kg7 27. Rf2 Qe7 28. Rh2 Nb8 29. Qg2 Rh8 30. Nf7 Rg8 31. Qh3 Kf8 32. Qxh6+ Ke8 33. Kf2 Nd7 34. N3e5 Nf8 35. Rg2 b4 36. Nc6 1-0


[Site "https://www.chess.com"]

[Event "Titled Tuesday Blitz November 01 Late 2022"]
[White "Leiva, Gianmarco"]
[Black "Silva, Caio Henrique Angelico"]
[WhiteFideId "3804399"]
[BlackFideId "22777210"]
[WhiteElo "2285"]
[BlackElo "1990"]
[Result "1-0"]
[Round "02"]
[TimeControl "180+1"]
[Date "2022.11.02"]
[WhiteClock "0:01:08"]
[BlackClock "0:00:35"]

1. e4 c6 2. d3 d5 3. Nf3 Qc7 4. g3 g6 5. Bg2 Bg7 6. O-O e5 7. Nc3 Ne7 8. d4 dxe4 9. Nxe5 f5 10. Bf4 Qd8 11. f3 exf3 12. Qxf3 O-O 13. Rad1 Be6 14. Rfe1 Bd5 15. Nxd5 Nxd5 16. Qb3 Na6 17. Qxb7 Nxf4 18. gxf4 Qb6 19. Bxc6 Rab8 20. Bd5+ Kh8 21. Qxb6 Rxb6 22. Nd7 Rxb2 23. Nxf8 Bxf8 24. Bb3 Nb4 25. Rb1 Bg7 26. c3 Rxb1 27. Rxb1 Nd3 28. Bc4 1-0


[Site "https://www.chess.com"]

[Event "Titled Tuesday Blitz November 01 Late 2022"]
[White "Li, Ben"]
[Black "Miszler, Levente"]
[WhiteFideId "2089980"]
[BlackFideId "763276"]
[WhiteElo "2771"]
[BlackElo "2509"]
[Result "0-1"]
[Round "02"]
[TimeControl "180+1"]
[Date "2022.11.02"]
[WhiteClock "0:00:07"]
[BlackClock "0:01:02"]

1. d4 Nf6 2. c4 e6 3. Nf3 b6 4. a3 Bb7 5. Nc3 Ne4 6. Nxe4 Bxe4 7. Nd2 Bb7 8. e4 d6 9. Bd3 Nd7 10. O-O e5 11. d5 Nc5 12. Bc2 a5 13. b3 Be7 14. Rb1 Bc8 15. b4 axb4 16. axb4 Na6 17. Ba4+ Bd7 18. Nf3 O-O 19. Bxd7 Qxd7 20. Be3 f5 21. exf5 Qxf5 22. Qe2 Nb8 23. Ra1 Nd7 24. Nd2 Nf6 25. f3 Qc2 26. Rac1 Qb2 27. Rb1 Qc2 28. Rfc1 Qg6 29. Ra1 e4 30. f4 Ng4 31. h3 Nxe3 32. Qxe3 Bf6 33. Rxa8 Rxa8 34. Qxe4 Ra2 35. Qxg6 hxg6 36. Ne4 Bd4+ 37. Kh1 Be3 38. Re1 Bxf4 39. g3 Be5 40. b5 Rc2 41. h4 Rxc4 42. Kg2 Rc2+ 43. Kh3 Rb2 44. Rc1 Re2 45. Ng5 Re3 46. Rg1 Bf6 47. Ne6 Rc3 48. Kg4 Kf7 49. Nf4 Rc5 50. Ra1 Bxa1 51. Ne6 Rxb5 52. Nxc7 Rb4+ 53. Kf3 b5 54. Ne6 Rb3+ 55. Kg4 Be5 56. h5 Rxg3+ 57. Kh4 g5+ 58. Nxg5+ Rxg5 59. h6 gxh6 60. Kh3 b4 61. Kh4 b3 62. Kh3 b2 63. Kh4 b1=Q 64. Kh3 Qh1# 0-1


[Site "https://www.chess.com"]

[Event "Titled Tuesday Blitz November 01 Late 2022"]
[White "Lopez Del Alamo, Antonio"]
[Black "Wieczorek, Oskar"]
[WhiteFideId "2227339"]
[BlackFideId "1133950"]
[WhiteElo "2175"]
[BlackElo "2404"]
[Result "0-1"]
[Round "02"]
[TimeControl "180+1"]
[Date "2022.11.02"]
[WhiteClock "0:00:06"]
[BlackClock "0:00:44"]

1. e4 e5 2. Bc4 Nf6 3. d3 Nc6 4. Nc3 Na5 5. Qf3 c6 6. h3 Bc5 7. Nge2 O-O 8. O-O h6 9. Ng3 b5 10. Bb3 Nxb3 11. axb3 d5 12. Nf5 Re8 13. Ne2 Kh7 14. Neg3 Bf8 15. Be3 d4 16. Bd2 a5 17. Qe2 g6 18. Nh4 Nh5 19. Nxh5 Qxh4 20. Ng3 f5 21. f4 Qxg3 22. Rf3 Qh4 23. Raf1 Bg7 24. fxe5 fxe4 25. dxe4 Rxe5 26. Rf7 Be6 27. Rb7 Rg8 0-1


[Site "https://www.chess.com"]

[Event "Titled Tuesday Blitz November 01 Late 2022"]
[White "Luxama, Jacques Muller"]
[Black "Besedes, Danilo"]
[WhiteFideId "11900113"]
[BlackFideId "946796"]
[WhiteElo "1931"]
[BlackElo "2352"]
[Result "0-1"]
[Round "02"]
[TimeControl "180+1"]
[Date "2022.11.02"]
[WhiteClock "0:00:50"]
[BlackClock "0:00:05"]

1. d4 d6 2. e4 e5 3. Nf3 exd4 4. Nxd4 Nf6 5. Nc3 Nc6 6. g3 Be7 7. Bg2 Nxd4 8. Qxd4 O-O 9. O-O Be6 10. h3 c6 11. Bf4 d5 12. e5 Nd7 13. Qd2 f6 14. exf6 Bxf6 15. Rfe1 Bf7 16. Rad1 Qb6 17. b3 Rfe8 18. Be3 d4 19. Bxd4 Rxe1+ 20. Qxe1 Bxd4 21. Na4 Bxf2+ 22. Qxf2 Qxf2+ 23. Kxf2 Ne5 24. Re1 Re8 25. Nc5 b6 26. Ne4 Nd7 27. Rd1 Bd5 28. Rd4 Rf8+ 29. Ke3 Re8 30. c4 Bxe4 31. Rxe4 Rd8 32. Re7 Kf8 33. Re6 c5 34. Bd5 Nf6 35. Re5 Re8 36. Rxe8+ Kxe8 37. Bf3 Ke7 38. Kf4 Ke6 39. g4 h6 40. h4 Nd7 41. Be4 Ne5 42. g5 Kd6 43. gxh6 gxh6 44. Kf5 a6 45. Kf6 b5 46. Kg7 bxc4 47. bxc4 Nxc4 48. Kxh6 Ne5 49. Kg7 c4 50. h5 Ng4 51. h6 Nxh6 52. Kxh6 Ke5 53. Bb7 c3 54. Bxa6 c2 55. Be2 c1=Q+ 0-1


[Site "https://www.chess.com"]

[Event "Titled Tuesday Blitz November 01 Late 2022"]
[White "Malka, Samuel"]
[Black "Ferriz Barrios, Andres"]
[WhiteFideId "20643675"]
[BlackFideId "5104467"]
[WhiteElo "2460"]
[BlackElo "2227"]
[Result "0-1"]
[Round "02"]
[TimeControl "180+1"]
[Date "2022.11.02"]
[WhiteClock "0:00:03"]
[BlackClock "0:00:15"]

1. d4 Nf6 2. c4 e5 3. dxe5 Ng4 4. e3 Nxe5 5. f4 Ng6 6. Nc3 Bb4 7. Bd2 O-O 8. Nf3 Re8 9. Be2 c6 10. O-O Bc5 11. Nd4 Qf6 12. Bc1 Na6 13. Bf3 Qd8 14. a3 d6 15. Kh1 Bd7 16. Qd3 Qh4 17. b4 Bb6 18. Bd2 Nc7 19. Rae1 a6 20. g3 Qf6 21. Ne4 Qe7 22. Ng5 h6 23. Ne4 d5 24. Nc3 dxc4 25. Qxc4 Nb5 26. Ncxb5 axb5 27. Qc3 Nf8 28. Nc2 Ne6 29. e4 Nc7 30. Ne3 Be6 31. f5 Bxe3 32. Bxe3 Bc4 33. Bc5 Qd7 34. Rd1 Qc8 35. Rfe1 Na6 36. Bd4 f6 37. e5 Qxf5 38. exf6 Rxe1+ 39. Rxe1 Rd8 40. Be4 Qd7 41. Be5 Qd2 42. Qxd2 Rxd2 43. fxg7 Nxb4 44. Bg6 Bd5+ 45. Kg1 Nd3 46. Rb1 Nf2 47. Bf4 Nh3+ 48. Kf1 Rxh2 49. Ke1 Nxf4 50. gxf4 Rg2 51. Bf5 Rxg7 52. Rb2 Re7+ 53. Kf2 Kf7 54. Kg3 Kf6 55. Bg4 Rg7 56. Rh2 Kf7 57. Rxh6 Rg6 0-1


[Site "https://www.chess.com"]

[Event "Titled Tuesday Blitz November 01 Late 2022"]
[White "Manukian, Artak"]
[Black "Bazeev, German"]
[WhiteFideId "13301373"]
[BlackFideId "24119350"]
[WhiteElo "2495"]
[BlackElo "2493"]
[Result "1-0"]
[Round "02"]
[TimeControl "180+1"]
[Date "2022.11.02"]
[WhiteClock "0:00:25"]
[BlackClock "0:00:13"]

1. e4 c5 2. Nf3 Nf6 3. e5 Nd5 4. Nc3 Nxc3 5. dxc3 e6 6. Bf4 Qb6 7. b3 h6 8. h4 Nc6 9. Qd2 Qc7 10. O-O-O a6 11. c4 b5 12. Kb1 Bb7 13. cxb5 axb5 14. Bxb5 Ba6 15. Bxc6 Qxc6 16. g4 Be7 17. g5 h5 18. g6 fxg6 19. Bg5 O-O 20. Bxe7 Rxf3 21. Qxd7 Bb7 22. Qxc6 Bxc6 23. Bxc5 g5 24. hxg5 Be4 25. Rhe1 Bf5 26. Be3 Rc8 27. Rd2 h4 28. a4 h3 29. Rh1 Bg4 30. a5 Rf5 31. f4 Rf7 32. a6 Bf5 33. a7 Kh7 34. Kb2 g6 35. c4 Ra8 36. Bb6 Bg4 37. Rd4 Kg7 38. b4 Rff8 39. b5 Rh8 40. Rh2 Bf3 41. Kc3 Bg2 42. Kb4 Rhc8 43. c5 Kg8 44. c6 Kf7 45. Rd7+ Kg8 46. Kc5 Rf8 47. c7 Rxf4 48. Rd8+ Rf8 49. Rxf8+ Kxf8 50. Kd6 Ke8 51. Bc5 Rc8 52. b6 Ra8 53. Kxe6 Bb7 54. Rxh3 Bc8+ 55. Kf6 Bxh3 56. b7 1-0


[Site "https://www.chess.com"]

[Event "Titled Tuesday Blitz November 01 Late 2022"]
[White "Marchesich, Giovanni"]
[Black "Rodriguez Fontecha, Marcos"]
[WhiteFideId "2824790"]
[BlackFideId "2256576"]
[WhiteElo "2200"]
[BlackElo "2263"]
[Result "0-1"]
[Round "02"]
[TimeControl "180+1"]
[Date "2022.11.02"]
[WhiteClock "0:01:21"]
[BlackClock "0:00:43"]

1. d4 d5 2. Nf3 Nf6 3. c3 Bf5 4. Bg5 e6 5. e3 Be7 6. Nbd2 O-O 7. Ne5 c5 8. f4 Ne4 9. Bxe7 Qxe7 10. Nxe4 Bxe4 11. Bd3 f6 12. Nf3 Nd7 13. O-O Rad8 14. Qc2 f5 15. Bxe4 dxe4 16. Ne5 Nxe5 17. dxe5 Rd3 18. Rad1 Rxe3 19. Kf2 Rd3 20. Rxd3 exd3 21. Qxd3 Rd8 22. Qe2 Rd5 23. Qf3 Rd2+ 24. Ke3 Qd7 0-1


[Site "https://www.chess.com"]

[Event "Titled Tuesday Blitz November 01 Late 2022"]
[White "Matinian, Nikita"]
[Black "Silva Lucena, Cristian"]
[WhiteFideId "24129100"]
[BlackFideId "2232588"]
[WhiteElo "2422"]
[BlackElo "2223"]
[Result "1-0"]
[Round "02"]
[TimeControl "180+1"]
[Date "2022.11.02"]
[WhiteClock "0:01:35"]
[BlackClock "0:00:08"]

1. c4 e6 2. Nf3 Nf6 3. d4 d5 4. Nc3 Be7 5. Bg5 Nbd7 6. e3 h6 7. Bf4 O-O 8. Qc2 c5 9. dxc5 Nxc5 10. O-O-O Bd7 11. Ne5 Rc8 12. h4 Qa5 13. g4 Bc6 14. g5 Nfe4 15. gxh6 g6 16. h7+ Kh8 17. h5 Nxc3 18. Qxc3 Qxc3+ 19. bxc3 gxh5 20. Rxh5 Ne4 21. f3 Nxc3 22. Nxc6 Ba3+ 23. Kc2 Nxd1 24. Nd4 Nb2 25. Nxe6 Nxc4 26. Nxf8 Bxf8 27. Bxc4 Rxc4+ 28. Kd3 Bg7 29. Rxd5 Rc3+ 30. Ke4 Kxh7 31. Rd7 Rc4+ 32. Kf5 Rb4 33. Rxf7 a5 34. Be5 1-0


[Site "https://www.chess.com"]

[Event "Titled Tuesday Blitz November 01 Late 2022"]
[White "Mekhitarian, Krikor Sevag"]
[Black "Naroditsky, Daniel"]
[WhiteFideId "2107660"]
[BlackFideId "2026961"]
[WhiteElo "2614"]
[BlackElo "2628"]
[Result "0-1"]
[Round "02"]
[TimeControl "180+1"]
[Date "2022.11.01"]
[WhiteClock "0:00:02"]
[BlackClock "0:00:11"]

1. e4 c6 2. d4 d5 3. e5 c5 4. dxc5 e6 5. a3 Bxc5 6. b4 Be7 7. Nf3 a5 8. b5 Nd7 9. Bb2 f6 10. Nbd2 Nh6 11. Bd3 Nf7 12. exf6 Bxf6 13. Bxf6 Qxf6 14. c4 O-O 15. O-O Nc5 16. Nb3 Nxd3 17. Qxd3 dxc4 18. Qxc4 e5 19. Nc5 Kh8 20. Rfe1 Nd6 21. Qd5 Nxb5 22. Qxe5 Qxe5 23. Nxe5 Nd4 24. Rab1 Nc2 25. Rec1 Nd4 26. Rb2 b6 27. Ncd7 Bxd7 28. Nxd7 Rfd8 29. Nxb6 Rab8 30. Rcb1 h6 31. h3 Re8 32. Nc4 Ra8 33. Rb7 Re4 34. Nd6 Re6 35. Nc4 Rc8 36. Ne3 a4 37. Rb8 Rxb8 38. Rxb8+ Kh7 39. Rb4 Ne2+ 40. Kh2 Nc3 41. Rc4 Ne4 42. Kg1 Nd2 43. Rxa4 Rc6 44. Rd4 Rc1+ 45. Kh2 Nb3 46. Rc4 Ra1 47. Rc3 Nd4 48. Nc4 Ne6 49. Re3 Nc5 50. Ne5 Ne6 51. Nc4 Nc5 52. Nd6 Kg6 53. Rg3+ Kh7 54. Nf5 g5 55. Rc3 Ne4 56. Rc7+ Kg6 57. Ne7+ Kf6 58. f3 Nd2 59. Kg3 Nf1+ 60. Kf2 Nd2 61. Nd5+ Ke6 62. Ne3 Rxa3 63. Rc6+ Ke5 64. Rxh6 Ra2 65. Ng4+ Kd5 66. Kg3 Nf1# 0-1


[Site "https://www.chess.com"]

[Event "Titled Tuesday Blitz November 01 Late 2022"]
[White "Melikyan, Gnel"]
[Black "Martinez Alcantara, Jose Eduardo"]
[WhiteFideId "54109990"]
[BlackFideId "3805662"]
[WhiteElo "2138"]
[BlackElo "2703"]
[Result "0-1"]
[Round "02"]
[TimeControl "180+1"]
[Date "2022.11.01"]
[WhiteClock "0:00:35"]
[BlackClock "0:01:54"]

1. e4 c5 2. Nf3 d6 3. d4 cxd4 4. Nxd4 Nf6 5. Nc3 Nc6 6. Bc4 Qb6 7. Nb3 e6 8. Be3 Qc7 9. O-O Be7 10. Qe2 a6 11. Rfd1 O-O 12. Nd4 b5 13. Bd3 Bb7 14. Nxc6 Bxc6 15. f3 b4 16. Nb1 d5 17. Nd2 a5 18. Bf2 Rfc8 19. Rac1 Qb7 20. e5 Nd7 21. f4 Nc5 22. Nf3 Nxd3 23. cxd3 Bd7 24. Nd4 a4 25. Qd2 h6 26. g3 Qa6 27. Kg2 Bb5 28. f5 Rxc1 29. Rxc1 Bxd3 30. fxe6 Be4+ 31. Kg1 fxe6 32. Rc6 Qb7 33. Rxe6 Rc8 34. Be3 Bc5 35. h4 Qf7 36. Rc6 Rxc6 37. Nxc6 Qf3 38. Bxc5 Qxg3+ 39. Kf1 Bd3+ 40. Qxd3 Qxd3+ 41. Ke1 Qb1+ 0-1


[Site "https://www.chess.com"]

[Event "Titled Tuesday Blitz November 01 Late 2022"]
[White "Mendez Fortes, Eduardo Jesus"]
[Black "Fernandez Siles, Luis"]
[WhiteFideId "3502376"]
[BlackFideId "2209420"]
[WhiteElo "2307"]
[BlackElo "2186"]
[Result "1-0"]
[Round "02"]
[TimeControl "180+1"]
[Date "2022.11.02"]
[WhiteClock "0:02:27"]
[BlackClock "0:00:18"]

1. e4 c5 2. Nf3 Nc6 3. d4 cxd4 4. Nxd4 Nf6 5. Nc3 e5 6. Ndb5 d6 7. Bg5 a6 8. Na3 b5 9. Nd5 Be7 10. Bxf6 Bxf6 11. c4 b4 12. Nc2 O-O 13. Qf3 Bg5 14. h4 Bh6 15. g4 Bf4 16. Be2 Be6 17. Nxf4 exf4 18. Qxf4 Ne5 19. Ne3 Rc8 20. b3 a5 21. Kf1 Qb6 22. Rd1 a4 23. h5 axb3 24. axb3 Ra8 25. h6 Ng6 26. Qh2 1-0


[Site "https://www.chess.com"]

[Event "Titled Tuesday Blitz November 01 Late 2022"]
[White "Mesa Cruz, Juan Carlos"]
[Black "Becerra, Juan David"]
[WhiteFideId "6423400"]
[BlackFideId "4404998"]
[WhiteElo "2059"]
[BlackElo "2278"]
[Result "0-1"]
[Round "02"]
[TimeControl "180+1"]
[Date "2022.11.02"]
[WhiteClock "0:00:01"]
[BlackClock "0:01:11"]

1. e4 c5 2. Nf3 d6 3. d4 cxd4 4. Nxd4 Nf6 5. Nc3 a6 6. Bg5 e6 7. f4 h6 8. Bh4 Qb6 9. a3 Be7 10. Bf2 Qc7 11. Qf3 Nbd7 12. g4 g5 13. f5 Ne5 14. Qg2 Nfxg4 15. fxe6 fxe6 16. Be2 Nf6 17. O-O-O Bd7 18. Rhf1 O-O-O 19. h4 g4 20. Bg3 h5 21. Bf4 Nh7 22. Qh2 Qa5 23. Nb3 Qb6 24. Kb1 Bf6 25. Bg3 Bg7 26. Bf2 Qc7 27. Qg1 Nc4 28. Bxc4 Qxc4 29. Bd4 Bxd4 30. Rxd4 Qc7 31. Rfd1 Bc6 32. Qg3 e5 33. R4d2 Nf6 34. Qe3 Rhf8 35. Rf2 g3 36. Qxg3 Nxe4 37. Nxe4 Bxe4 38. Re2 d5 39. Rde1 Rf3 40. Qg2 Kb8 0-1


[Site "https://www.chess.com"]

[Event "Titled Tuesday Blitz November 01 Late 2022"]
[White "Milikow, Yoav"]
[Black "Karas, Marek"]
[WhiteFideId "2822237"]
[BlackFideId "14928558"]
[WhiteElo "2341"]
[BlackElo "2220"]
[Result "1-0"]
[Round "02"]
[TimeControl "180+1"]
[Date "2022.11.02"]
[WhiteClock "0:00:11"]
[BlackClock "0:00:04"]

1. d4 Nf6 2. c4 g6 3. g3 Bg7 4. Bg2 O-O 5. Nc3 d6 6. Nf3 c6 7. O-O Bf5 8. Ng5 h6 9. e4 Bg4 10. Nf3 e5 11. d5 cxd5 12. cxd5 Na6 13. Be3 Bd7 14. h3 Nh7 15. Qd2 h5 16. Bh6 Bxh6 17. Qxh6 Qf6 18. Qe3 Nc5 19. b4 Na4 20. Rfc1 Nxc3 21. Rxc3 Rfc8 22. Rac1 b6 23. Nd2 Rxc3 24. Rxc3 Rc8 25. h4 Qe7 26. Bf1 Nf6 27. f3 Qd8 28. Ba6 Rxc3 29. Qxc3 Ne8 30. Bb7 f5 31. exf5 gxf5 32. Bc6 Ng7 33. Nc4 Bc8 34. Qa3 f4 35. Kg2 fxg3 36. Kxg3 Nf5+ 37. Kf2 Qxh4+ 38. Ke2 Qxc4+ 39. Kf2 Qc2+ 40. Ke1 Qb1+ 41. Kd2 Qg1 42. Qxa7 Qe3+ 43. Kd1 Qd3+ 44. Ke1 Qe3+ 45. Kd1 Qxf3+ 46. Kc1 Qf2 47. Qb8 Qe1+ 48. Kb2 Qd2+ 49. Ka3 Qc1+ 50. Ka4 Qc2+ 51. Kb5 Ne7 52. Qxd6 Qd3+ 53. Kxb6 Nf5 54. Qd8+ Kg7 55. Qxc8 Kf6 56. Qe6+ Kg5 57. Qxe5 Qd2 58. d6 Qxb4+ 59. Kc7 Qxd6+ 60. Qxd6 Nxd6 61. Kxd6 Kf4 62. a4 h4 63. a5 h3 64. a6 h2 65. a7 Ke3 66. Bh1 Kf2 67. a8=Q Ke3 68. Qf3+ 1-0


[Site "https://www.chess.com"]

[Event "Titled Tuesday Blitz November 01 Late 2022"]
[White "Mladenovic, Stefan"]
[Black "ChessBrah"]
[WhiteFideId "942227"]
[WhiteElo "2337"]
[BlackElo "2902"]
[Result "0-1"]
[Round "02"]
[TimeControl "180+1"]
[Date "2022.11.01"]
[WhiteClock "0:00:02"]
[BlackClock "0:00:35"]

1. d4 Nf6 2. Nf3 g6 3. Bf4 Bg7 4. e3 d6 5. Be2 c5 6. c3 Qb6 7. Nbd2 O-O 8. O-O Bf5 9. Nc4 Qc7 10. a4 Nbd7 11. h3 h6 12. Re1 Rac8 13. Na3 a6 14. Bd3 Bxd3 15. Qxd3 Qc6 16. e4 cxd4 17. cxd4 Qxa4 18. e5 Nd5 19. Bg3 dxe5 20. dxe5 e6 21. Rac1 Nc5 22. Qd4 Qxd4 23. Nxd4 Nd3 24. Rxc8 Rxc8 25. Re2 Rc1+ 26. Kh2 Re1 27. Rxe1 Nxe1 28. Nc4 Nd3 29. Nf3 b5 30. Na5 Nxb2 31. Nd4 Nc4 32. Nac6 Bf8 33. Nb8 Nc7 34. Bh4 g5 35. Bg3 a5 36. f4 gxf4 37. Bxf4 a4 38. Nd7 Bc5 39. Nxc5 Kh7 40. Bc1 a3 41. Ncb3 a2 42. Kg1 b4 43. g4 Nd5 44. Kf2 Nxe5 45. Bb2 Nd3+ 46. Ke2 Nxb2 47. Kd2 Nc4+ 48. Kd3 Na5 49. Na1 Nf4+ 50. Kc2 Nxh3 0-1


[Site "https://www.chess.com"]

[Event "Titled Tuesday Blitz November 01 Late 2022"]
[White "Moreno Perez, Tobias Sebastian"]
[Black "Rios Escobar, Adan"]
[WhiteFideId "186716"]
[BlackFideId "3403645"]
[WhiteElo "2529"]
[BlackElo "2352"]
[Result "1-0"]
[Round "02"]
[TimeControl "180+1"]
[Date "2022.11.02"]
[WhiteClock "0:00:04"]
[BlackClock "0:00:08"]

1. Nf3 Nf6 2. b3 g6 3. Bb2 Bg7 4. e3 O-O 5. c4 c5 6. Be2 b6 7. O-O Bb7 8. d4 cxd4 9. Nxd4 Na6 10. Nc3 Nc5 11. Rc1 d6 12. b4 Nce4 13. Nxe4 Nxe4 14. Bf3 Qd7 15. Qd3 Ng5 16. Bxb7 Qxb7 17. f3 h5 18. e4 Rac8 19. Qd2 Bh6 20. Qe2 a6 21. Rc2 e5 22. Nb3 Ne6 23. Rd1 Rfd8 24. Bc1 Nf4 25. Bxf4 Bxf4 26. Rd5 Rc6 27. g3 Bh6 28. Kg2 Rdc8 29. a4 b5 30. axb5 axb5 31. c5 Qc7 32. Ra2 dxc5 33. Nxc5 Bf8 34. Nd3 Rd8 35. Nxe5 Re6 36. Rxd8 Qxd8 37. Qxb5 Qd4 38. Nd3 Rd6 39. Nf4 Rb6 40. Qd5 Rxb4 41. Qxd4 Rxd4 42. Re2 Kg7 43. Nh3 Be7 44. Nf2 Bd6 45. f4 Ra4 46. Kf3 Bc7 47. e5 Ra3+ 48. Re3 Ra2 49. Re2 Ra3+ 50. Kg2 Bb6 51. Ne4 h4 52. Nd6 hxg3 53. hxg3 Bc7 54. Nb5 Rb3 55. Nxc7 Ra3 56. Nd5 Ra5 57. Ne3 Ra4 58. Ng4 g5 59. Nf6 gxf4 60. gxf4 Rxf4 61. Nh5+ Kg6 62. Nxf4+ Kf5 63. Kf3 f6 64. exf6 Kxf6 65. Ra2 Kg5 66. Ra5+ Kh6 67. Kg4 Kg7 68. Ra6 Kf7 69. Kf5 Ke7 70. Ke5 Kf8 71. Ra7 Ke8 72. Kd6 Kd8 73. Ra8# 1-0


[Site "https://www.chess.com"]

[Event "Titled Tuesday Blitz November 01 Late 2022"]
[White "Muhammad, Shahzeb"]
[Black "Yuan, Qingyu"]
[WhiteFideId "7804806"]
[BlackFideId "8609772"]
[WhiteElo "2407"]
[BlackElo "2359"]
[Result "0-1"]
[Round "02"]
[TimeControl "180+1"]
[Date "2022.11.02"]
[WhiteClock "0:01:41"]
[BlackClock "0:01:31"]

1. e4 c6 2. d4 d5 3. exd5 cxd5 4. c4 Nf6 5. Nc3 Nc6 6. Nf3 a6 7. Bg5 Be6 8. Be2 g6 9. O-O Bg7 10. c5 Ne4 11. Bf4 O-O 12. h3 Rc8 13. Rc1 Bf5 14. b4 Nxb4 15. Qb3 Nxc3 16. Rxc3 Nc6 17. Rd1 Qd7 18. Qa4 Nxd4 19. Qxd7 Nxe2+ 20. Kf1 Bxd7 21. Kxe2 0-1


[Site "https://www.chess.com"]

[Event "Titled Tuesday Blitz November 01 Late 2022"]
[White "Munoz Sanchez, Miguel"]
[Black "Raja Harshit"]
[WhiteFideId "3600734"]
[BlackFideId "5089000"]
[WhiteElo "2166"]
[BlackElo "2437"]
[Result "0-1"]
[Round "02"]
[TimeControl "180+1"]
[Date "2022.11.02"]
[WhiteClock "0:02:28"]
[BlackClock "0:02:16"]

1. d4 Nf6 2. Nf3 e6 3. g3 d5 4. Bg2 Be7 5. O-O O-O 6. c4 dxc4 7. Qc2 b6 8. Qxc4 Bb7 9. Rd1 Nbd7 10. Nc3 c5 11. dxc5 Bxc5 12. Bg5 Rc8 13. Bxf6 Qxf6 14. Qa4 Ne5 15. Nxe5 Qxf2+ 0-1


[Site "https://www.chess.com"]

[Event "Titled Tuesday Blitz November 01 Late 2022"]
[White "Muradli, Mahammad"]
[Black "Dehtiarov, Roman"]
[WhiteFideId "13409301"]
[BlackFideId "14186640"]
[WhiteElo "2611"]
[BlackElo "2200"]
[Result "1-0"]
[Round "02"]
[TimeControl "180+1"]
[Date "2022.11.01"]
[WhiteClock "0:00:06"]
[BlackClock "0:00:03"]

1. g3 Nf6 2. Bg2 d5 3. c4 e6 4. Nf3 Be7 5. O-O O-O 6. b3 b6 7. Bb2 Bb7 8. e3 Nbd7 9. Qe2 c5 10. cxd5 Nxd5 11. d4 cxd4 12. Nxd4 Bf6 13. Nd2 Qe7 14. Nc4 Nc5 15. e4 Bxd4 16. Bxd4 Nb4 17. Rfd1 Rfd8 18. h4 f6 19. Bc3 Nc6 20. e5 Nxe5 21. Bxb7 Qxb7 22. Nxe5 fxe5 23. Qxe5 Qf7 24. b4 Na4 25. Rxd8+ Rxd8 26. Bd4 Rd5 27. Qb8+ Qf8 28. Qxa7 Rxd4 29. Qxa4 Rxb4 30. Qc6 Rb2 31. Qxe6+ Kh8 32. Qe3 h6 33. a4 Rb4 34. Qc3 Re4 35. Qc6 Qb4 36. Qc8+ Kh7 37. Qf5+ Kh8 38. Kg2 Re8 39. Qd5 Rf8 40. Ra2 Rf6 41. Qa8+ Kh7 42. Re2 Rf8 43. Qd5 Kh8 44. Qc6 Qa5 45. Qe4 Ra8 46. Qf3 Rg8 47. Re4 Ra8 48. h5 Rg8 49. Rf4 Qc5 50. Qg4 Qc6+ 51. Kh2 Qc5 52. Qg6 Qc2 53. Qxc2 Re8 54. Qg6 Rg8 55. Rf7 b5 56. axb5 Re8 57. Qxg7# 1-0


[Site "https://www.chess.com"]

[Event "Titled Tuesday Blitz November 01 Late 2022"]
[White "Mustafayev, Farid"]
[Black "Ibarra Jerez, Jose Carlos"]
[WhiteFideId "13408771"]
[BlackFideId "2226332"]
[WhiteElo "2192"]
[BlackElo "2627"]
[Result "0-1"]
[Round "02"]
[TimeControl "180+1"]
[Date "2022.11.01"]
[WhiteClock "0:00:16"]
[BlackClock "0:01:17"]

1. d4 Nf6 2. c4 d6 3. Nf3 g6 4. g3 Bf5 5. Bg2 Bg7 6. O-O O-O 7. b3 a5 8. Bb2 a4 9. Nbd2 c6 10. b4 a3 11. Bc3 d5 12. c5 Ne4 13. Qb3 Nxc3 14. Qxc3 Na6 15. Nh4 Bg4 16. Rfe1 Nc7 17. e3 e5 18. dxe5 Nb5 19. Qd3 Bxe5 20. Rab1 Bf6 21. Ndf3 Nc3 22. Rb3 Ne4 23. h3 Be6 24. Nd4 Bxh4 25. gxh4 Qxh4 26. Qf1 Nd2 0-1


[Site "https://www.chess.com"]